[Event "Late-Titled-Tuesday-Blitz-September-26-2023"]
[Site "Chess.com"]
[Date "2023.09.26"]
[Round "1"]
[White "brunoo2003"]
[Black "hansen"]
[Result "0-1"]
[WhiteElo "2472"]
[BlackElo "2933"]
[TimeControl "180+1"]
[EndTime "14:07:18 PDT"]
[Termination "hansen won by resignation"]

1. e4 e5 2. Nf3 Nc6 3. d4 exd4 4. Nxd4 Nf6 5. Nc3 Bb4 6. Nxc6 bxc6 7. Bd3 d5 8. exd5 O-O 9. O-O cxd5 10. h3 c6 11. Qf3 Qa5 12. Bg5 Nd7 13. Bf4 Nc5 14. Bd6 Re8 15. Rfe1 Bd7 16. Be5 Nxd3 17. Qxd3 Bf8 18.
a3 Re6 19. b4 Qd8 20. Bd4 a5 21. Rxe6 Bxe6 22. Rb1 axb4 23. axb4 Qd7 24. Bc5 Bf5 25. Qd4 Bxc2 26. Rc1 Bb3 27. Bxf8 Rxf8 28. Qc5 Bc4 29. Nd1 Re8 30. Ne3 Bb5 31. Rd1 h6 32. Qd4 Qe7 33. Nf5 Qg5 34. Ne3 Re4 35. Qc5 Be2 36. Rd4 Re6 37. Qb6 Bf3 38. Qc5 Rxe3 39. Rg4 Re1+ 0-1

[Event "Late-Titled-Tuesday-Blitz-September-26-2023"]
[Site "Chess.com"]
[Date "2023.09.26"]
[Round "1"]
[White "GothamChess"]
[Black "Gogolev_Artemy"]
[Result "1-0"]
[WhiteElo "2701"]
[BlackElo "2393"]
[TimeControl "180+1"]
[EndTime "14:07:18 PDT"]
[Termination "GothamChess won by checkmate"]

1. e4 c6 2. d4 d5 3. f3 e5 4. dxe5 Bc5 5. Nc3 Qb6 6. Na4 Bf2+ 7. Ke2 Qd4 8. Qxd4 Bxd4 9. f4 dxe4 10. Be3 Bxe3 11.
Kxe3 Nh6 12. Nc3 f5 13. Bc4 Ke7 14. h3 Be6 15. Bxe6 Kxe6 16. Nge2 Nd7 17. Nd4+ Ke7 18. g4 fxg4 19. Nxe4 Raf8 20. Nd6 Nb6 21. c4 gxh3 22. Rag1 Rhg8 23. Rxh3 c5 24. Nf3 Nf5+ 25. Nxf5+ Rxf5 26. Rxh7 Nxc4+ 27. Ke4 Rff8 28. b3 Nb6 29. f5 Nd7 30. Rgxg7+ Rxg7 31. Rxg7+ Ke8 32. Ng5 Rh8 33. Nh7 Kd8 34. Kd5 b6 35. Kd6 Nf8 36. Nxf8 Rxf8 37. Rxa7 Rxf5 38. Ra8# 1-0

[Event "Late-Titled-Tuesday-Blitz-September-26-2023"]
[Site "Chess.com"]
[Date "2023.09.26"]
[Round "1"]
[White "Alphafischer2019"]
[Black "Mbneu"]
[Result "1-0"]
[WhiteElo "2591"]
[BlackElo "2251"]
[TimeControl "180+1"]
[EndTime "14:07:18 PDT"]
[Termination "Alphafischer2019 won by checkmate"]

1. Nf3 c5 2. g3 d5 3. Bg2 e6 4. O-O Nc6 5. d3 Bd6 6. e4 Nge7 7. Qe2 O-O 8. h4 h6 9. e5 Bc7 10. h5 Nf5 11. Bf4 Ncd4 12. Nxd4 Nxd4 13. Qd2 b6 14. c3 Nc6 15. Re1 f6 16. exf6 Bxf4 17.
Qxf4 Qxf6 18. Qxf6 Rxf6 19. Na3 Ba6 20. Rad1 Raf8 21.
Rd2 Ne7 22. Rde2 Bc8 23. Nb5 a6 24. Nc7 Kf7 25. Bh3 Nf5 26. Bxf5 Rxf5 27. Nxe6 Bxe6 28. Rxe6 Rb8 29. Re7+ Kg8 30. R1e5 Rxe5 31. Rxe5 d4 32. cxd4 cxd4 33. Rd5 Rc8 34. Rxd4 Rc2 35. Rb4 b5 36. a4 bxa4 37. Rxa4 Rxb2 38. Rxa6 Rb5 39. g4 Rd5 40. Ra3 Kf7 41. Kg2 Kf6 42. Kg3 Rd4 43. f3 Ke5 44. f4+ Kf6 45. Kf3 Rd8 46. Ra6+ Kf7 47. Ke4 Re8+ 48.
Kf5 Re3 49. Ra7+ Kg8 50. Rd7 Kh7 51. d4 Re8 52. d5 Rf8+ 53. Ke4 Re8+ 54. Kf3 Kg8 55. d6 Kf8 56. g5 Re6 57. g6 Rf6 58. Rd8# 1-0

[Event "Late-Titled-Tuesday-Blitz-September-26-2023"]
[Site "Chess.com"]
[Date "2023.09.26"]
[Round "1"]
[White "German_Bazeev"]
[Black "NovikovaGalina"]
[Result "0-1"]
[WhiteElo "2754"]
[BlackElo "2435"]
[TimeControl "180+1"]
[EndTime "14:07:20 PDT"]
[Termination "NovikovaGalina won on time"]

1. c4 e6 2. Nf3 f5 3. d4 Nf6 4. Bg5 Be7 5. Nc3 O-O 6. e3 d6 7. Qc2 Nc6 8. Be2 e5 9. O-O-O e4 10. Nd2 a5 11. a3 Bd7 12. h3 Rb8 13. g4 Na7 14.
gxf5 Bxf5 15. Bxf6 Bxf6 16. Ncxe4 Be7 17. Bg4 Bg6 18.
h4 Rxf2 19. h5 Bxe4 20. Qxe4 Bg5 21. Rdf1 Rxf1+ 22. Rxf1 Qe7 23. Qxe7 Bxe7 24. Be6+ Kh8 25. Rf7 Bg5 26. Kc2 Bxe3 27. Nf3 Nc6 28. Kd3 Bc1 29.
Rxc7 Bxb2 30. h6 gxh6 31. Rf7 Bxa3 32. Bf5 Bc1 33. Rxh7+ Kg8 34. Rd7 a4 35. Rxd6 a3 36. c5 Re8 37. Rg6+ Kf7 38. Rg2 a2 39. Rxa2 Nb4+ 0-1

[Event "Late-Titled-Tuesday-Blitz-September-26-2023"]
[Site "Chess.com"]
[Date "2023.09.26"]
[Round "1"]
[White "biostatistician"]
[Black "dzilleruelo"]
[Result "1-0"]
[WhiteElo "2626"]
[BlackElo "2323"]
[TimeControl "180+1"]
[EndTime "14:07:20 PDT"]
[Termination "biostatistician won by resignation"]

1. d4 Nf6 2. Nf3 g6 3. c4 Bg7 4. Nc3 d5 5. cxd5 Nxd5 6. e4 Nxc3 7. bxc3 c5 8. Be3 Nc6 9. Rc1 O-O 10. d5 Ne5 11. Nxe5 Bxe5 12. Bxc5 Qa5 13. Bd4 Bxd4 14. Qxd4 Qxa2 15. Bc4 Qa5 16. O-O Bd7 17. Bd3 b5 18. e5 e6 19. d6 Rfc8 20. c4 bxc4 21. Rxc4 Rxc4 22. Bxc4 Qb4 23. Qe4 Rc8 24. Bd3 Qxe4 25. Bxe4 a5 26. f4 Rc4 27. Bd3 Rd4 28. Bb1 a4 29. g3 Bc6 30. Rc1 Bb7 31. Ba2 Rd2 32. Rc7 Rg2+ 33. Kf1 Rxa2 34. Rxb7 Rd2 35. Ra7 Rd4 36.
Ke2 g5 37. Ke3 Rd1 38. Rxa4 gxf4+ 39. gxf4 Kg7 40. Ra2 Rb1 41. Rg2+ Kf8 42. Rc2 Rb8 43. Rc7 h5 44. f5 Rb4 45. Rc8+ 1-0

[Event "Late-Titled-Tuesday-Blitz-September-26-2023"]
[Site "Chess.com"]
[Date "2023.09.26"]
[Round "1"]
[White "ArmanGhevondyanchess"]
[Black "fks_stal_mielec"]
[Result "1-0"]
[WhiteElo "2607"]
[BlackElo "2301"]
[TimeControl "180+1"]
[EndTime "14:07:20 PDT"]
[Termination "ArmanGhevondyanchess won on time"]

1. Nf3 c5 2. g3 Nc6 3. d4 cxd4 4.
Nxd4 g6 5. Bg2 Bg7 6. Nb3 Nf6 7. O-O O-O 8. c4 d6 9. Nc3 Be6 10. Nd5 Bxd5 11. cxd5 Ne5 12. Be3 a6 13. Bd4 Ned7 14. Rc1 Rc8 15. Qd2 Rxc1 16. Rxc1 Qb8 17. h3 Rc8 18. Kh2 Rxc1 19. Qxc1 Ne8 20. Bxg7 Kxg7 21. Qe3 Kf8 22. h4 Nef6 23. Bf3 Ne5 24. Kg2 Qc8 25. Na5 Qc7 26. b4 Nxf3 27. Qxf3 Qb6 28. a3 h5 29. Qd3 Qc7 30. f3 Kg7 31. Nc4 b5 32. Na5 Qc1 33.
Nc6 Kf8 34. Na5 Kg7 35. Nb3 Qc4 36. Qxc4 bxc4 37. Nd4 Nxd5 38. e4 Nc3 39. Kf2 Nb5 40. Nc2 Kf6 41. Ke3 e6 42. a4 Nc7 43.
Kd4 d5 44. e5+ Ke7 45. f4 Kd7 46. Kc5 Kc8 47. Kc6 d4 48. Nxd4 Nd5 49. Kc5 c3 50.
Kc4 1-0

[Event "Late-Titled-Tuesday-Blitz-September-26-2023"]
[Site "Chess.com"]
[Date "2023.09.26"]
[Round "1"]
[White "Rital44"]
[Black "ogpin"]
[Result "1-0"]
[WhiteElo "2519"]
[BlackElo "2045"]
[TimeControl "180+1"]
[EndTime "14:07:22 PDT"]
[Termination "Rital44 won by checkmate"]

1. d4 Nf6 2. Bg5 Ne4 3. Bf4 c5 4. d5 g5 5. Be5 f6 6. e3 h5 7. Be2 g4 8. Bc3 Nxc3 9. Nxc3 e6 10. Bd3 Kf7 11. Nge2 Bg7 12. h3 Na6 13. Nf4 e5 14.
Bg6+ Kg8 15. Nxh5 d6 16. hxg4 Rh6 17. Bf5 Qb6 18. Rb1 Nc7 19. Qf3 Qb4 20. a3 Qa5 21.
Ke2 Nb5 22. Nxg7 Nxc3+ 23. bxc3 Rxh1 24. Rxh1 Qxc3 25. Be4 Bd7 26. Rh8+ Kxh8 27. Qh3+ Kxg7 28. Qh7+ Kf8 29. Qh8+ Kf7 30. Qxa8 Qc4+ 31. Bd3 Qxg4+ 32. Ke1 e4 33. Be2 Qxg2 34. Qh8 Qg1+ 35. Kd2 Bf5 36. Bh5+ Bg6 37. Qh7+ Kf8 38. Qxg6 Qxf2+ 39. Kc1 Qxe3+ 40.
Kb1 Qd4 41. Qf7# 1-0

[Event "Late-Titled-Tuesday-Blitz-September-26-2023"]
[Site "Chess.com"]
[Date "2023.09.26"]
[Round "1"]
[White "Harsha_Bharathakoti"]
[Black "WindWhistler11"]
[Result "1-0"]
[WhiteElo "2901"]
[BlackElo "2464"]
[TimeControl "180+1"]
[EndTime "14:07:23 PDT"]
[Termination "Harsha_Bharathakoti won on time"]

1. Nf3 Nf6 2. c4 e6 3. g3 b6 4. Bg2 Bb7 5. O-O Be7 6. d4 d6 7. Nc3 c5 8. d5 exd5 9. Nh4 O-O 10. Nf5 Re8 11. Nxe7+ Qxe7 12. cxd5 h6 13. Re1 Nbd7 14. e4 Ba6 15. f4 Qf8 16. b3 b5 17. Bb2 c4 18. b4 Re7 19. Qd4 Rae8 20. a4 bxa4 21. Rxa4 Bc8 22. Rxa7 Ng4 23. h3 Ngf6 24. Kh2 g5 25. b5 Qg7 26. Rd1 gxf4 27. gxf4 Kh8 28. Qf2 Ne5 29. Rxe7 Neg4+ 30. hxg4 Nxg4+ 31. Kg1 Nxf2 32.
Rxe8+ Kh7 33. Kxf2 Bg4 34. Bf3 Bxf3 35. Kxf3 Qg6 36. Rh1 f5 37. Re7+ Kg8 38. Ne2 Qg4+ 39. Kf2 Kf8 40. Rg7 1-0

[Event "Late-Titled-Tuesday-Blitz-September-26-2023"]
[Site "Chess.com"]
[Date "2023.09.26"]
[Round "1"]
[White "Yushko_Olga"]
[Black "MaxLeto"]
[Result "0-1"]
[WhiteElo "2031"]
[BlackElo "2518"]
[TimeControl "180+1"]
[EndTime "14:07:25 PDT"]
[Termination "MaxLeto won by resignation"]

1. d4 h5 2. c4 h4 3. Nc3 d6 4. Nf3 h3 5. gxh3 c6 6. h4 Bg4 7. Bf4 Nd7 8. Qb3 Bxf3 9. exf3 e5 10. dxe5 dxe5 11. Bg3 Nc5 12. Qc2 Nf6 13. Qf5 Bd6 14.
Bxe5 Qe7 15. f4 Rh5 16. Qc2 Bxe5 17. fxe5 Rxe5+ 18. Be2 O-O-O 19. Rd1 Re8 20. Rd2 Nfe4 21. Nxe4 Nxe4 22. Rd4 Qxh4 23. Rf1 Qxh2 24. f4 R5e7 25. Bg4+ Kb8 26. Qxh2 Ng3+ 27. Kd1 Nxf1 28. Qf2 Ne3+ 29.
Kd2 Nxg4 30. Kc3 f5 31. Qd2 g6 32. Rd8+ Kc7 33. Rxe8 Rxe8 34. Qd4 Re3+ 35. Kd2 Re6 36. b4 Rd6 37. Kc3 Rxd4 38. Kxd4 Kd6 39. a4 b6 40.
c5+ bxc5+ 41. bxc5+ Kc7 42. Kc4 Kb7 43. Kb4 Ka6 44.
a5 Kb7 45. Ka4 Kc7 46. Kb4 Kd7 47. Kc4 Ke6 48. Kd4 Nf6 49. a6 Nd5 50. Kd3 Nxf4+ 51. Ke3 g5 52. Kf3 Kd5 0-1

[Event "Late-Titled-Tuesday-Blitz-September-26-2023"]
[Site "Chess.com"]
[Date "2023.09.26"]
[Round "1"]
[White "BillieKimbah"]
[Black "Eloist"]
[Result "1-0"]
[WhiteElo "2983"]
[BlackElo "2495"]
[TimeControl "180+1"]
[EndTime "14:07:27 PDT"]
[Termination "BillieKimbah won on time"]

1. Nf3 Nf6 2. g3 b6 3. Bg2 Bb7 4. O-O e6 5. d3 d5 6. Nbd2 Nbd7 7.
e4 dxe4 8. Ng5 Nc5 9. Ngxe4 Nfxe4 10. dxe4 e5 11. Nc4 Qxd1 12. Rxd1 f6 13. f3 Ne6 14. c3 Bc5+ 15. Ne3 a5 16. Bf1 Rd8 17. Rxd8+ Kxd8 18. Kg2 Kc8 19. Bc4 Re8 20. a3 Kb8 21. b4 axb4 22. axb4 Bf8 23. Kf2 c6 24. Ke2 Nc7 25. h4 h5 26. Bf7 Rd8 27. Bxh5 Ba6+ 28. Ke1 Rd3 29. Bd2 Kb7 30. Bf7 Nb5 31. Bc4 Rd8 32.
h5 Nc7 33. Bxa6+ Nxa6 34. Ke2 Nc7 35. Nf5 Nb5 36. g4 c5 37. c4 Nd4+ 38. Nxd4 Rxd4 39.
bxc5 Bxc5 40. Rc1 Kc6 41. g5 fxg5 42. Bxg5 Rd7 43. Rh1 Ra7 44. Rd1 Ra4 45. Rd8 Rxc4 46. Rg8 Rc2+ 47. Kd3 Rf2 48. Rxg7 Rxf3+ 49. Ke2 Rg3 50. h6 1-0

[Event "Late-Titled-Tuesday-Blitz-September-26-2023"]
[Site "Chess.com"]
[Date "2023.09.26"]
[Round "1"]
[White "KaydenTroffChess"]
[Black "vidavi"]
[Result "1-0"]
[WhiteElo "2787"]
[BlackElo "2430"]
[TimeControl "180+1"]
[EndTime "14:07:27 PDT"]
[Termination "KaydenTroffChess won on time"]

1. d4 Nf6 2. Nf3 g6 3. Bg5 Bg7 4. Nbd2 d5 5. e3 O-O 6. h4 Bg4 7. Be2 c5 8. Ne5 Bxe2 9. Qxe2 Nc6 10. c3 Qb6 11. Rb1 Nxe5 12. dxe5 Nd7 13. f4 f6 14. Qg4 Rad8 15. e6 f5 16. Qh3 Qxe6 17. h5 d4 18.
hxg6 hxg6 19. e4 Nf6 20. e5 Ng4 21. O-O Qxa2 22. Bxe7 Ne3 23. Rfe1 dxc3 24. Qxe3 cxd2 25. Red1 Qxb1 26. Rxb1 d1=Q+ 27. Rxd1 Rxd1+ 28. Kh2 Re8 29. Qxc5 Kh7 30. Bg5 Rd2 31. Qc4 Rf8 32. Be7 Rh8 33.
Kg3 Rxb2 34. Qf7 a5 35. Bf6 Rg8 36. e6 Rb3+ 37. Kh2 Re3 38. e7 a4 39. Be5 1-0

[Event "Late-Titled-Tuesday-Blitz-September-26-2023"]
[Site "Chess.com"]
[Date "2023.09.26"]
[Round "1"]
[White "RonArtest77"]
[Black "VincentKeymer"]
[Result "0-1"]
[WhiteElo "2498"]
[BlackElo "3042"]
[TimeControl "180+1"]
[EndTime "14:07:28 PDT"]
[Termination "VincentKeymer won on time"]

1. d4 Nf6 2. Bg5 d5 3. e3 c5 4. c3 Ne4 5. Bf4 Qb6 6. b3 Nc6 7. Nf3 cxd4 8. exd4 Bf5 9. Bd3 e6 10. Nh4 Nxc3 11. Nxc3 Bb4 12. O-O Bxc3 13. Nxf5 exf5 14. Qe2+ Kf8 15. Rac1 Bxd4 16. Bd6+ Kg8 17. Bxf5 g6 18. Bb1 Kg7 19. Rcd1 Rad8 20. Ba3 Bf6 21. h4 Rhe8 22. Qg4 Ne5 23. Qg3 h5 24. Bb2 d4 25.
Be4 Ng4 26. Bf3 Ne5 27. Be4 a5 28. Bc1 Rd7 29. Qf4 Rh8 30. Bd2 Qd8 31. g3 Ng4 32.
Bb1 d3 33. Rfe1 Bd4 34. Rf1 Rd6 35. Kg2 Rf6 36. Qe4 Nxf2 37. Rxf2 Rxf2+ 38. Kh1 Re8 39. Qxd3 Qd7 40. Qc4 Qh3+ 0-1

[Event "Late-Titled-Tuesday-Blitz-September-26-2023"]
[Site "Chess.com"]
[Date "2023.09.26"]
[Round "1"]
[White "scandalgod"]
[Black "sergoy"]
[Result "1-0"]
[WhiteElo "2502"]
[BlackElo "2943"]
[TimeControl "180+1"]
[EndTime "14:07:28 PDT"]
[Termination "scandalgod won by resignation"]

1. d4 Nf6 2. c4 e6 3. g3 d5 4. Nf3 Bb4+ 5. Bd2 a5 6. Bg2 O-O 7. O-O Be7 8. Qc2 c6 9. Rd1 Nbd7 10. b3 b6 11. Bf4 Ba6 12. Nbd2 Nh5 13. Be3 Rc8 14. Ne5 Nhf6 15. Rac1 Ba3 16. Rb1 Nxe5 17. dxe5 Ng4 18. Bd4 c5 19. Ba1 d4 20. Qe4 Nh6 21.
e3 dxe3 22. Qxe3 Nf5 23. Qe4 Qe7 24. Qg4 Bb7 25. Bxb7 Qxb7 26. Ne4 Rcd8 27. h4 Qe7 28. Rd6 Bb4 29. Rbd1 Kh8 30. R1d3 Rg8 31. Qd1 Nxd6 32. exd6 Qe8 33. Nf6 gxf6 34. Bxf6+ Rg7 35. Qa1 Qf8 36. a3 Kg8 37. Bxd8 Qxd8 38. axb4 cxb4 39. Qe5 Rg4 40. d7 a4 41. bxa4 Rxc4 42. Qg5+ Qxg5 43. hxg5 Kg7 44. d8=Q Rc5 45. Qf6+ 1-0

[Event "Late-Titled-Tuesday-Blitz-September-26-2023"]
[Site "Chess.com"]
[Date "2023.09.26"]
[Round "1"]
[White "ljm509"]
[Black "aa175"]
[Result "1-0"]
[WhiteElo "2318"]
[BlackElo "2587"]
[TimeControl "180+1"]
[EndTime "14:07:29 PDT"]
[Termination "ljm509 won by checkmate"]

1. e4 e5 2. Nf3 Nc6 3. Bc4 Nf6 4. d3 h6 5. a4 Bc5 6. h3 d6 7. c3 Be6 8. Bxe6 fxe6 9. b4 Nxb4 10. cxb4 Bxb4+ 11. Bd2 Bc5 12. O-O a6 13. Be3 Bxe3 14.
fxe3 O-O 15. Nbd2 Qd7 16. Qb3 Kh7 17. a5 Rab8 18. d4 exd4 19. exd4 Nh5 20. e5 dxe5 21. Qd3+ Kg8 22. Nxe5 Qd5 23. Rxf8+ Rxf8 24. Ng6 Rf7 25. Rf1 Rxf1+ 26. Nxf1 Qxa5 27. Qf3 Nf6 28. Qxb7 Qc3 29.
Qc8+ Kf7 30. Ne5+ Ke7 31. Ng6+ Kf7 32. Ne5+ Ke7 33. Nf3 a5 34. Qa6 Nd5 35. Kh2 Qa1 36. Ng3 a4 37. Ne4 a3 38. Nc5 Nf4 39. Qc6 a2 40.
Qd7+ Kf6 41. Qd8+ Kf7 42. Ne5# 1-0

[Event "Late-Titled-Tuesday-Blitz-September-26-2023"]
[Site "Chess.com"]
[Date "2023.09.26"]
[Round "1"]
[White "krzyzan94"]
[Black "Taran2004"]
[Result "1-0"]
[WhiteElo "2814"]
[BlackElo "2436"]
[TimeControl "180+1"]
[EndTime "14:07:30 PDT"]
[Termination "krzyzan94 won by resignation"]

1. Nf3 Nf6 2. g3 g6 3. Bg2 Bg7 4. O-O O-O 5. c4 c5 6. d4 cxd4 7. Nxd4 Nc6 8. Nc3 a6 9. b3 Qc7 10. Bb2 d6 11. Rc1 Nxd4 12. Qxd4 Be6 13. Rfd1 Rac8 14. Qh4 Rfd8 15. Nd5 Bxd5 16. Bxd5 b5 17. Bg2 Qa5 18. a3 bxc4 19. Rxc4 Rb8 20. b4 Qa4 21. Rdc1 d5 22. R4c2 a5 23. Be5 Ra8 24.
bxa5 Qxa3 25. Bc7 Rdc8 26. Qf4 Qb3 27. Qf3 Qxf3 28. Bxf3 e6 29. Bb6 Rxc2 30. Rxc2 Nd7 31.
Bc7 Ne5 32. Bg2 Ra6 33. e4 d4 34. f4 Rc6 35. Rxc6 Nxc6 36. e5 Nb4 37. Bd6 Bf8 38.
Bf1 Bxd6 39. exd6 Nc6 40. a6 Kf8 41. Bb5 Na7 42. Ba4 f6 43. Kf2 e5 44. Kf3 Kf7 45. Ke4 Ke6 46. d7 Kd6 47. fxe5+ fxe5 48. d8=Q+ 1-0

[Event "Late-Titled-Tuesday-Blitz-September-26-2023"]
[Site "Chess.com"]
[Date "2023.09.26"]
[Round "1"]
[White "czasnaszachy"]
[Black "Mykola-Bortnyk"]
[Result "0-1"]
[WhiteElo "2493"]
[BlackElo "2982"]
[TimeControl "180+1"]
[EndTime "14:07:32 PDT"]
[Termination "Mykola-Bortnyk won on time"]

1. d4 Nf6 2. c4 e6 3. g3 d5 4. Nf3 dxc4 5. Bg2 Bd7 6. Ne5 Bc6 7. Nxc6 Nxc6 8. e3 Qd7 9. O-O Be7 10. Nd2 e5 11. Bxc6 Qxc6 12. dxe5 Nd7 13. f4 O-O 14. Qf3 Qxf3 15. Rxf3 b5 16. Ne4 Rad8 17. Bd2 f6 18.
Ba5 fxe5 19. Bxc7 Rc8 20. Bd6 Rce8 21. Bxe7 Rxe7 22. f5 Nf6 23. Nxf6+ Rxf6 24. e4 Rd7 25. a4 b4 26. Rf2 Rd4 27. Re2 a5 28. Kf2 Rfd6 29.
g4 h6 30. h4 Rd3 31. Rc1 R6d4 32. Kg2 Kf7 33. g5 c3 34. bxc3 bxc3 35. Rb1 Rb4 36.
Rf1 hxg5 37. hxg5 Rxa4 38. f6 gxf6 39. Rxf6+ Kg7 40. Ref2 Rd2 41. Rf7+ Kg6 42. Rf6+ Kxg5 43. Rf5+ Kg4 44. Rxe5 Rxf2+ 45. Kxf2 Rc4 0-1

[Event "Late-Titled-Tuesday-Blitz-September-26-2023"]
[Site "Chess.com"]
[Date "2023.09.26"]
[Round "1"]
[White "Bodhanas"]
[Black "reevecanada"]
[Result "1-0"]
[WhiteElo "2076"]
[BlackElo "2506"]
[TimeControl "180+1"]
[EndTime "14:07:32 PDT"]
[Termination "Bodhanas won by checkmate"]

1. d4 Nf6 2. Nf3 g6 3. g3 Bg7 4. Bg2 O-O 5. O-O d5 6. c3 Nbd7 7. Nbd2 c5 8. Re1 b6 9. e4 dxe4 10. Nxe4 Nxe4 11. Rxe4 Bb7 12. Re1 cxd4 13. Nxd4 Bxg2 14.
Kxg2 e5 15. Nb3 Qc7 16. Be3 Rad8 17. Qe2 f5 18. f4 Qb7+ 19. Qf3 e4 20. Qe2 Nf6 21.
Nd4 Nd5 22. Ne6 Nxe3+ 23. Qxe3 Rd3 24. Qe2 Re8 25. Nxg7 Kxg7 26. Rad1 Red8 27. Rxd3 Rxd3 28. Rd1 e3+ 29. Kg1 Rxd1+ 30. Qxd1 Qe4 31. Qd4+ Qxd4 32.
cxd4 Kf6 33. Kf1 Ke6 34. Ke2 Kd5 35. Kxe3 Kc4 36. h3 h5 37. h4 b5 38. b3+ Kd5 39. a3 a5 40. Kd3 Kd6 41. a4 bxa4 42. bxa4 Kd5 43. Kc3 Ke4 44. Kc4 Kf3 45. d5 Kxg3 46. d6 g5 47. fxg5 f4 48. d7 f3 49. d8=Q f2 50. Qd1 Kg2 51. g6 f1=Q+ 52. Qxf1+ Kxf1 53. g7 Ke1 54. g8=Q Kd1 55. Qg2 Kc1 56. Kc3 Kb1 57.
Qb2# 1-0

[Event "Late-Titled-Tuesday-Blitz-September-26-2023"]
[Site "Chess.com"]
[Date "2023.09.26"]
[Round "1"]
[White "pirulillo"]
[Black "SaqoChess_Twitch"]
[Result "1-0"]
[WhiteElo "2371"]
[BlackElo "2645"]
[TimeControl "180+1"]
[EndTime "14:07:33 PDT"]
[Termination "pirulillo won by checkmate"]

1. e4 c5 2. Nf3 d6 3. d4 cxd4 4.
Nxd4 Nf6 5. Nc3 g6 6. Be2 Bg7 7. O-O O-O 8. Bg5 Nc6 9. Nb3 h6 10. Bh4 g5 11. Bg3 Be6 12. Re1 b6 13. Bf1 d5 14. Bb5 Nb4 15. e5 Ne4 16. Nd4 a6 17. Bf1 Nxg3 18. hxg3 Qc7 19. a3 Nc6 20. Nxe6 fxe6 21. Qg4 Qc8 22. f4 gxf4 23. gxf4 Kh8 24. Bd3 Nd4 25. Qg6 Nf5 26. g4 Qc5+ 27. Kf1 Rg8 28.
gxf5 Bf8 29. Qf7 Qg1+ 30. Ke2 Qg4+ 31. Ke3 Qg3+ 32. Ke2 Qg4+ 33. Ke3 Qg3+ 34. Kd2 Qxf4+ 35. Kd1 Rg2 36. Ne2 Qxe5 37. fxe6 Rg7 38. Qf5 Qxb2 39. Kd2 Rc8 40. Rg1 a5 41. Rxg7 Qxg7 42. Rg1 Qf6 43. Qh7# 1-0

[Event "Late-Titled-Tuesday-Blitz-September-26-2023"]
[Site "Chess.com"]
[Date "2023.09.26"]
[Round "1"]
[White "artin10862"]
[Black "Rainbow2014"]
[Result "1-0"]
[WhiteElo "2888"]
[BlackElo "2460"]
[TimeControl "180+1"]
[EndTime "14:07:34 PDT"]
[Termination "artin10862 won on time"]

1. d4 Nf6 2. c4 e6 3. Nc3 Bb4 4.
e3 O-O 5. Bd2 d5 6. a3 Be7 7.
Nf3 b6 8. cxd5 exd5 9. Rc1 c5 10. Bd3 Ba6 11. Qe2 Bxd3 12. Qxd3 c4 13. Qe2 Nc6 14.
Ne5 Rc8 15. O-O a6 16. f4 b5 17. Be1 Ne4 18. Qf3 Nxc3 19. Bxc3 f6 20. Nxc6 Rxc6 21. e4 dxe4 22. Qxe4 Rd6 23. Rfe1 Rd7 24. Qe6+ Kh8 25. Qxa6 Qb8 26. Qc6 Rfd8 27. Ba5 Rd6 28. Qc7 Qa8 29.
Qxe7 R6d7 30. Bxd8 Rxe7 31. Bxe7 h5 32. Bb4 Qd5 33.
Bc3 h4 34. Re3 g5 35. fxg5 Qxg5 36. Rce1 Qf4 37. Rf3 Qg4 38. d5 Kg7 39. Rxf6 Qc8 40. Rc6+ 1-0

[Event "Late-Titled-Tuesday-Blitz-September-26-2023"]
[Site "Chess.com"]
[Date "2023.09.26"]
[Round "1"]
[White "szachmistrz2500"]
[Black "moro182"]
[Result "0-1"]
[WhiteElo "2458"]
[BlackElo "2870"]
[TimeControl "180+1"]
[EndTime "14:07:34 PDT"]
[Termination "moro182 won by resignation"]

1. Nf3 g6 2. g3 Bg7 3. Bg2 d6 4.
O-O Bd7 5. e4 Qc8 6. h4 Nc6 7. d4 Bg4 8. c3 e5 9. Be3 exd4 10. cxd4 Nf6 11. Nc3 O-O 12. Qc2 Re8 13. d5 Nb4 14. Qb3 Na6 15. Nd2 Bh3 16. Rfe1 Bxg2 17.
Kxg2 Ng4 18. Bf4 Ne5 19. Bxe5 Bxe5 20. Nf3 Bg7 21. Rac1 Nc5 22. Qc4 a6 23. b4 b5 24.
Qf1 Bxc3 25. Rxc3 Nxe4 26. Rc2 Qd7 27. Qd3 Nf6 28. Rec1 Rac8 29. Qd4 Ng4 30. Ng5 h6 31. Ne4 Qf5 32. f3 Qxd5 33. Qc3 Rxe4 34. fxe4 Qxe4+ 35. Kh3 Qf5 36. Kg2 Re8 37. Rf1 Ne3+ 38. Qxe3 Qxc2+ 39. Qf2 Qxf2+ 40. Rxf2 Re4 41. Rc2 Rxb4 42. Rxc7 Rb2+ 43.
Kf3 Rxa2 44. Rc6 d5 45. Rd6 b4 46. Rxd5 a5 47. Rb5 Kg7 48. Rb8 Ra3+ 49. Kf4 b3 50. g4 Ra4+ 51. Kf3 Rb4 52. Rd8 b2 53. Rd1 b1=Q 54.
Rxb1 Rxb1 55. g5 Rb4 0-1

[Event "Late-Titled-Tuesday-Blitz-September-26-2023"]
[Site "Chess.com"]
[Date "2023.09.26"]
[Round "1"]
[White "chessisveryfun1264"]
[Black "Inepton_Fermion"]
[Result "0-1"]
[WhiteElo "2635"]
[BlackElo "2364"]
[TimeControl "180+1"]
[EndTime "14:07:34 PDT"]
[Termination "Inepton_Fermion won by checkmate"]

1. d4 Nf6 2. Bf4 e6 3. e3 h6 4. h3 d5 5. Nf3 Bd6 6. Nbd2 c5 7. c3 Nc6 8. Bd3 O-O 9. dxc5 Bxc5 10. Qe2 Re8 11. e4 e5 12. Bg3 d4 13. O-O dxc3 14.
bxc3 Nh5 15. Bh2 Qf6 16. Nc4 Nf4 17. Bxf4 Qxf4 18. Ne3 Bxe3 19. fxe3 Qg3 20. Nd2 Be6 21. Bc4 Rad8 22. Bxe6 Rxe6 23. Rab1 b6 24. Rf3 Qg6 25. Rbf1 f6 26. Qc4 Qf7 27. Nb3 Red6 28. Qe2 a5 29. Rg3 a4 30. Nc1 Rd2 31. Qg4 Na5 32. Qh4 Kh7 33. Rf5 Rd1+ 34. Kh2 Rxc1 35. Qg4 Rdd1 36.
Rgf3 Rh1+ 37. Kg3 Nc4 38. h4 Nd2 39. Rf2 Nf1+ 40. Kf3 Re1 41. Qh5 Rxe3+ 42. Kg4 Rg3# 0-1

[Event "Late-Titled-Tuesday-Blitz-September-26-2023"]
[Site "Chess.com"]
[Date "2023.09.26"]
[Round "1"]
[White "amanmuhammethommadov"]
[Black "RamyresCoelho"]
[Result "1-0"]
[WhiteElo "2604"]
[BlackElo "2294"]
[TimeControl "180+1"]
[EndTime "14:07:34 PDT"]
[Termination "amanmuhammethommadov won by checkmate"]

1. e4 c5 2. Nf3 d6 3. d4 cxd4 4. Nxd4 Nf6 5. Nc3 a6 6. Bg5 e6 7.
f4 Qb6 8. Bxf6 gxf6 9. Qd2 Be7 10. O-O-O Nc6 11. Nb3 Bd7 12. Be2 Qc7 13. Bh5 b5 14. f5 b4 15. fxe6 Bxe6 16. Nd5 Bxd5 17. Qxd5 O-O 18.
Rd3 Rac8 19. Rg3+ Kh8 20. Qd2 a5 21. Qh6 Rg8 22. Bxf7 Ne5 23. Rxg8+ Rxg8 24. Bxg8 Kxg8 25. Kb1 a4 26. Nd4 b3 27. Qg7+ Kxg7 28. Ne6+ Kf7 29.
Nxc7 bxc2+ 30. Kxc2 Nc4 31. Nd5 Bd8 32. b3 axb3+ 33.
axb3 Ne5 34. Ra1 Ke6 35. Ra7 Nc6 36. Rxh7 f5 37. Nc7+ Ke5 38. exf5 Nd4+ 39. Kd3 Nxf5 40. Rh5 Kf6 41. Nd5+ Kg6 42. Nf4+ Kf6 43. g4 Ng7 44. Rd5 Ke7 45. Ke4 Ne8 46. Nh5 Ke6 47. Rf5 d5+ 48. Kd3 Nd6 49. Nf4+ Kd7 50. Rxd5 Kc7 51. Ne6+ Kc6 52.
Rxd6+ Kxd6 53. Nxd8 Ke5 54. b4 Kf4 55. b5 Kxg4 56.
b6 Kh3 57. b7 Kxh2 58. b8=Q+ Kh1 59. Qf4 Kg2 60. Ke2 Kh3 61. Qg5 Kh2 62. Kf2 Kh3 63. Qg3# 1-0

[Event "Late-Titled-Tuesday-Blitz-September-26-2023"]
[Site "Chess.com"]
[Date "2023.09.26"]
[Round "1"]
[White "TatjanaVasilevich"]
[Black "jamengrand"]
[Result "0-1"]
[WhiteElo "2552"]
[BlackElo "2254"]
[TimeControl "180+1"]
[EndTime "14:07:35 PDT"]
[Termination "jamengrand won by checkmate"]

1. e4 e5 2. Nf3 Nc6 3. Bb5 a6 4. Ba4 Nf6 5. O-O Be7 6. d3 b5 7. Bb3 d6 8. c3 h6 9. h3 Qd7 10. Re1 Bb7 11. d4 O-O 12. Nbd2 Rfd8 13. Nf1 exd4 14.
cxd4 d5 15. e5 Ne4 16. Ng3 Nxg3 17. fxg3 Qe6 18. Bc2 Bf8 19. a3 b4 20. g4 g6 21.
Bf4 a5 22. a4 Ba6 23. b3 Ne7 24. Qd2 Kh7 25. Rac1 Rac8 26. Bb1 c6 27. Bg3 Ng8 28.
Nh4 c5 29. Nf5 cxd4 30. Nxd4 Qb6 31. e6 Bg7 32. Bf2 Rxc1 33. Rxc1 fxe6 34. Nc6 d4 35. Nxd8 Qxd8 36. Rc6 Bb7 37. Rxe6 Qd5 38. Re4 Nf6 39. Be1 Nxe4 40. Qc2 d3 41. Qxd3 Qxd3 42. Bxd3 Nc5 43. Bc4 Be4 44. Bf2 Nd3 45. Bb6 Ne5 46. Be6 Nc6 47. Kf2 g5 48. Ke3 Bxg2 49. Bf5+ Kg8 50. Kf2 Bd5 51. Bc2 Bd4+ 52. Bxd4 Nxd4 53. Bd1 Bxb3 54.
Ke3 Bxd1 55. Kxd4 Bxa4 56. Kc4 Bb5+ 57. Kxb5 b3 58. Ka4 b2 59. Kb3 b1=Q+ 60. Ka4 Qb4# 0-1